 Dungeon Crawl Stone Soup version 0.31-a0-1178-gc5c9b8f871 (webtiles) character file.

Game seed: 16721300194389304704

27 ytrimaz the Ducker (level 2, -1/22 HPs)
             Began as a Demonspawn Gladiator on Dec 11, 2023.
             Succumbed to an adder's poison
             ... on level 2 of the Dungeon.
             The game lasted 00:01:03 (1241 turns).

ytrimaz the Ducker (Demonspawn Gladiator)           Turns: 1241, Time: 00:01:04

Health: -1/22      AC:  4    Str: 14    XL:     2   Next: 93%
Magic:  2/2        EV: 12    Int:  8    God:
Gold:   52         SH:  0    Dex: 14    Spells: 1/1 levels left

rFire   . . .        a - +0 long sword
rCold   . . .        (no shield)
rNeg    . . .        b - +0 leather armour
rPois   .            c - +0 helmet
rElec   .            (no cloak)
rCorr   .            (no gloves)
SInv    .            (no boots)
Will    .....        (no amulet)
Stlth   +            (no ring)
HPRegen 0.23/turn    (no ring)
MPRegen 0.08/turn

%: no passive effects
@: lethally poisoned (-1 -> -8), very slow
A: powered by death 1
a: no special abilities


You were on level 2 of the Dungeon.
You visited 1 branch of the dungeon, and saw 2 of its levels.

You collected 52 gold pieces.


Innate Abilities, Weirdness & Mutations

You regenerate a little health from kills.


   Skills:
 - Level 2.0 Fighting
 + Level 3.2 Long Blades
 - Level 1.7 Throwing
 + Level 3.2 Dodging


You had one spell level left.
You didn't know any spells.
Your spell library contained the following spells:

 Spells                   Type           Power      Damage    Failure   Level
 Kiss of Death            Conj/Necr      0%         2d5       50%         1
 Confusing Touch          Hex            0%         N/A       86%         3
 Dispel Undead            Necr           0%         3d6       99%         4

Inventory:

Hand Weapons
 a - a +0 long sword (weapon)
Missiles
 d - 3 throwing nets (quivered)
 e - a javelin
Armour
 b - a +0 leather armour (worn)
 c - a +0 helmet (worn)

Dungeon Overview and Level Annotations

Branches:
Dungeon (2/15) Zot: 10732

Altars:

..8 ..~### ##~ ..~~~####
##~~~ ..≈≈~~~~#####
####~~~≈≈
..≈≈≈≈≈~~~~~####~~~~≈≈≈≈
..~~≈≈≈≈≈≈≈~~~~~~≈≈≈≈≈~~
..8~~~~≈≈≈≈≈≈≈≈≈≈≈≈≈~~~#
..8...~~~~~≈≈≈≈≈≈~~~~#
.....#####~~~~~g@~#
.....# ########S...#
..#..##### .......
.........# .......
####.....#### ....... #
#......... ....... #
##.#......< ....### #
#.......... ..... #
#..)†......


You could see an adder (ally target) and a friendly hobgoblin (summoned).


Message History

😕 HP[+1] No target in view! 😕 HP[+1] Unknown command.
A ball python comes into view. 😎 HP[+4]
Your hp is fully restored (22).
A ball python is nearby!
A ball python is nearby!
A ball python is nearby!
A goblin comes into view. It is wielding a +4 dagger.
The goblin shouts!
Found an escape hatch in the ceiling.
The ball python closely misses you. The ball python barely misses you.
The goblin barely misses you.
You slash the goblin!
You kill the goblin!
The ball python barely misses you. The ball python closely misses you. x2
The ball python misses you. The ball python closely misses you. x2
Things that are here:
a +4 dagger; a goblin corpse You completely miss the ball python.
The ball python barely misses you. The ball python grabs you.
The ball python constricts you.
You hit the ball python. The ball python barely misses you.
The ball python constricts you. The ball python closely misses you.
The ball python constricts you.
You closely miss the ball python. The ball python bites you.
The ball python constricts you. The ball python bites you.
The ball python constricts you. 😕 HP[-4]
You take 4 damage, and now have 18/22 hp.
You barely miss the ball python. The ball python bites you.
The ball python constricts you. 😮 HP[-2]
You take 2 damage, and now have 16/22 hp.
You slash the ball python!
You kill the ball python!
You are too injured to fight recklessly!
Key pressed, stopping explore.
Unknown command. 😎 HP[+6]
Your hp is fully restored (22).
No target in view!
You enter the shallow water.
Moving in this stuff is going to be slow.
An adder comes into view.
The adder hisses angrily.
The adder moves out of view.
An adder is nearby!
An adder is nearby!
The adder closely misses you. x2
An adder is nearby!
You miss the adder. The adder closely misses you. The adder misses you.
Your unstable footing causes you to fumble your attack.
The adder misses you. The adder bites you.
You are poisoned.
The adder poisons you! 😕 HP[-2]
You take 2 damage, and now have 20/22 hp.
Your unstable footing causes you to fumble your attack.
You feel sick.
The adder bites you but does no damage. 😕 HP[-2]
You take 2 damage, and now have 18/22 hp.
You barely miss the adder.
You feel sick.
The adder barely misses you. x2 😕 HP[-1]
You take 1 damage, and now have 17/22 hp.
Your unstable footing causes you to fumble your attack.
You feel sick. The adder closely misses you. The adder bites you.
You are more poisoned.
The adder poisons you! 😮 HP[-4]
You take 4 damage, and now have 13/22 hp.
You closely miss the adder.
You feel very sick.
The adder bites you but does no damage. 😨 HP[-2]
You take 2 damage, and now have 11/22 hp.
Your unstable footing causes you to fumble your attack.
You feel sick. The adder bites you.
* * * LOW HITPOINT WARNING * * *
You are lethally poisoned!
The adder poisons you! The adder bites you.
* * * LOW HITPOINT WARNING * * *
😱 HP[-7]
You take 7 damage, and now have 4/22 hp.
MASSIVE DAMAGE!! (PAUSE)
You aren't carrying any potions.
Unknown command.
You aren't carrying any potions.
As you read the scroll labelled PUVVE WUCEDIT, it crumbles to dust.
Wisps of shadow whirl around you...
It was a scroll of summoning.
* * * LOW HITPOINT WARNING * * *
You feel sick. The adder closely misses you. 😱 HP[-2]
You take 2 damage, and now have 2/22 hp.
Unknown command.
Your unstable footing causes you to fumble your attack.
You die...

Skill      XL: |  1 |
---------------+----+-----
Long Blades    | 3 |  3.2
Dodging        | 3 |  3.2
Fighting       | |  2.0
Throwing       | |  1.7

Action                     || total
---------------------------++-------
  Melee: Long sword        ||    80
         Punch             ||     1
    Use: Scroll            ||     1
   Stab: Sleeping          ||     1
 Armour: Leather armour    ||    43
  Dodge: Dodged            ||    60

Levels and vault maps discovered:
D:1:      dpeg_arrival_round_c, layout_basic
D:2:      wander_river, layout_basic, serial_shops, shop,
          nicolae_lakefront_shop, shapermc_ecumenical_altar_pompeii

Notes
Turn   | Place    | Note
-------+----------+-------------------------------------------
     0 | D:1      | ytrimaz the Demonspawn Gladiator began the quest for the
                  | Orb.
     0 | D:1      | Reached XP level 1. HP: 16/16 MP: 1/1
     0 | D:1      | magus.rc [v1.9.6]
   190 | D:1      | Reached skill level 3 in Long Blades
   190 | D:1      | Reached skill level 3 in Dodging
   190 | D:1      | Gained mutation: You regenerate a little health from kills.
                  | [demonic ancestry]
   190 | D:1      | Reached XP level 2. HP: 17/22 MP: 2/2
   223 | D:1      | You pick up a book of Touch and begin reading...
   223 | D:1      | You add the spells Kiss of Death, Confusing Touch and
                  | Dispel Undead to your library.
   623 | D:1      | HP: 5/22 [frozen (5)]
  1239 | D:2      | HP: 4/22 [adder (3)]
  1241 | D:2      | Succumbed to an adder's poison

Vanquished Creatures
  3 ball pythons
  A bat (D:1)
  5 endoplasms
  2 giant cockroaches (D:1)
  A goblin (D:2)
  A hobgoblin (D:1)
  2 jackals (D:1)
  A quokka (D:1)
  2 frilled lizards (D:1)
  2 kobolds
  3 rats (D:1)
23 creatures vanquished.

Table legend:
 A = Non-vault XP
 B = Vault XP
 C = Vault XP percentage of total XP
 D = Non-vault monster count
 E = Vault monster count
 F = Vault count percentage of total count
                 A         B        C        D         E       F
            +---------+---------+-------+---------+---------+-------
      Total |      39 |       0 |   0.0 |      23 |       0 |   0.0
            +---------+---------+-------+---------+---------+-------
        D:1 |      30 |       0 |   0.0 |      18 |       0 |   0.0
        D:2 |       9 |       0 |   0.0 |       5 |       0 |   0.0
            +---------+---------+-------+---------+---------+-------

Skill      XL: |  1 |
---------------+----+-----
Long Blades    | 3 |  3.2
Dodging        | 3 |  3.2
Fighting       | |  2.0
Throwing       | |  1.7

Action                     || total
---------------------------++-------
  Melee: Long sword        ||    80
         Punch             ||     1
    Use: Scroll            ||     1
   Stab: Sleeping          ||     1
 Armour: Leather armour    ||    43
  Dodge: Dodged            ||    60

Illustrated notes

Table legend:
 A = Kills in this place as a percentage of kills in the entire game.
 B = Kills by you in this place as a percentage of kills by you in the entire game.
 C = Kills by friends in this place as a percentage of kills by friends in the entire game.
 D = Other kills in this place as a percentage of other kills in the entire game.
 E = Experience gained in this place as a percentage of experience gained in the entire game.
 F = Experience gained in this place divided by the number of levels of this place that you have seen.
                   A       B       C       D       E      F
               +-------+-------+-------+-------+-------+----------------------
         Total | 100.0 | 100.0 |   N/A |   N/A | 100.0 |  19.5
       Dungeon | 100.0 | 100.0 |   N/A |   N/A | 100.0 |  19.5
               +-------+-------+-------+-------+-------+----------------------

Table legend: (Time is in decaauts)
 A = Elapsed time spent in this place.
 B = Non-inter-level travel time spent in this place.
 C = Inter-level travel time spent in this place.
 D = Time resting spent in this place.
 E = Time spent auto-exploring this place.
 F = Levels seen in this place.
 G = Mean time per level.
                   A        B        C        D        E       F      G
               +--------+--------+--------+--------+--------+-----+--------+
         Total |   1267 |   1254 |     13 |      0 |   1068 |   2 |  633.5 |
       Dungeon |   1267 |   1254 |     13 |      0 |   1068 |   2 |  633.5 |
               +--------+--------+--------+--------+--------+-----+--------+

Top non-repeatable levels by time:
     D:1: 1055 daAuts
     D:2: 211 daAuts
